Map: Frost LE

Players

Sapphire

  • Race: Protoss Protoss
  • League: Master

IIIIIIIII - Winner!

  • Race: Protoss Protoss
  • League: Master

VOD

Have the link to the VOD?

Description

Time

  • Played on: Oct. 22, 2016, 7:55 p.m.
  • Length: 18:48
Show
View Real Time Build Order
Export as new Build Order

Sapphire Protoss 

Build Orders:  

Get SALT Encoding   

  12  0:01  Probe (Chrono Boost)  
  13  0:11  Probe (Chrono Boost)  
  14  0:17  Pylon  
  14  0:22  Probe (Chrono Boost)  
  15  0:35  Probe (Chrono Boost)  
  16  0:37  Gateway  
  16  0:46  Probe (Chrono Boost)  
  16  0:47  Assimilator  
  17  0:52  Assimilator  
  17  0:56  Probe (Chrono Boost)  
  18  1:07  Probe (Chrono Boost)  
  18  1:08  Gateway  
  19  1:17  Probe (Chrono Boost)  
  20  1:26  Cybernetics Core  
  20  1:28  Probe (Chrono Boost)  
  21  1:34  Pylon  
  21  1:39  Probe (Chrono Boost)  
  22  1:49  Probe (Chrono Boost)  
  22  1:53  Warp Gate  
  23  2:03  Stalker x2  
  27  2:09  Pylon  
  27  2:14  Mothership Core (Chrono Boost)  
  29  2:33  Stalker x2  
  33  2:58  Nexus, Unknown  
  33  3:15  Probe (Chrono Boost), Robotics Facility  
  34  3:21  Pylon  
  34  3:28  Probe (Chrono Boost)  
  35  3:39  Probe (Chrono Boost)  
  36  3:46  Gateway  
  36  3:49  Probe (Chrono Boost)  
  37  3:59  Sentry x2, Warp Prism  
  37  4:01  Probe (Chrono Boost)  
  42  4:09  Unknown  
  44  4:13  Probe x2 (Chrono Boost)  
  47  4:25  Probe (Chrono Boost)  
  47  4:28  Probe (Chrono Boost)  
  48  4:34  Stalker, Sentry  
  48  4:36  Observer  
  48  4:37  Probe (Chrono Boost)  
  53  4:38  Twilight Council  
  53  4:41  Probe (Chrono Boost)  
  55  4:47  Stalker  
  55  4:49  Probe (Chrono Boost)  
  58  4:53  Pylon  
  58  4:55  Probe (Chrono Boost), Assimilator  
  59  5:02  Probe (Chrono Boost), Blink  
  60  5:09  Probe (Chrono Boost)  
  60  5:13  Adept x3  
  60  5:14  Probe (Chrono Boost)  
  68  5:25  Probe (Chrono Boost)  
  68  5:27  Probe (Chrono Boost)  
  70  5:35  Pylon  
  70  5:38  Assimilator  
  70  5:41  Pylon  
  70  5:53  Probe (Chrono Boost)  
  70  5:55  Probe (Chrono Boost)  
  73  6:04  Probe (Chrono Boost)  
  73  6:06  Stalker x3  
  73  6:07  Probe (Chrono Boost)  
  80  6:11  Robotics Bay  
  80  6:14  Gateway  
  80  6:16  Probe (Chrono Boost), Gateway  
  82  6:19  Probe (Chrono Boost)  
  82  6:22  Pylon  
  82  6:24  Immortal  
  86  6:42  Nexus, Unknown  
  86  6:48  Pylon  
  86  6:49  Pylon x2  
  86  6:50  Resonating Glaives  
  86  6:58  Disruptor  
  88  7:03  Probe x2 (Chrono Boost)  
  91  7:17  Stalker x4  
  91  7:18  Stalker  
  101  7:29  Disruptor  
  100  7:37  Probe x2 (Chrono Boost)  
  94  7:54  Unknown  
  82  7:59  Stalker x3, Zealot x2  
  82  8:00  Disruptor  
  82  8:05  Probe x2 (Chrono Boost)  
  97  8:29  Stalker x2  
  97  8:32  Pylon  
  97  8:34  Pylon x2  
  101  8:35  Stalker  
  102  8:45  Disruptor  
  102  8:50  Dark Shrine  
  102  8:51  Stalker x2  
  102  8:52  Stalker x2  
  113  8:57  Pylon  
  113  8:59  Pylon  
  113  9:01  Stalker  
  115  9:12  Nexus, Unknown  
  115  9:15  Pylon  
  109  9:20  Disruptor  
  82  9:45  Stalker  
  82  9:46  Stalker x4  
  82  9:51  Disruptor  
  83  10:10  Stalker x5  
  93  10:23  Unknown  
  93  10:26  Disruptor  
  96  10:37  Probe (Chrono Boost)  
  96  10:38  Probe x2 (Chrono Boost)  
  96  10:40  Adept  
  96  10:41  Adept, Dark Templar  
  96  10:42  Dark Templar  
  107  10:48  Probe (Chrono Boost)  
  110  10:50  Probe x2 (Chrono Boost)  
  110  10:53  Pylon  
  110  10:58  Probe (Chrono Boost)  
  110  11:02  Probe x2 (Chrono Boost)  
  113  11:09  Probe (Chrono Boost)  
  110  11:14  Probe (Chrono Boost)  
  110  11:16  Charge, Immortal  
  111  11:27  Gateway  
  111  11:29  Gateway x2  
  111  11:32  Assimilator  
  109  11:33  Assimilator  
  109  11:37  Dark Templar  
  111  11:45  Forge  
  111  11:53  Immortal  
  111  11:56  Dark Templar x2  
  111  11:57  Zealot x2  
  111  12:00  Archon  
  121  12:04  Protoss Ground Weapons Level 1  
  121  12:11  Dark Templar  
  115  12:25  Zealot  
  115  12:26  Zealot x4  
  115  12:27  Immortal  
  80  12:45  Zealot x7  
  80  12:46  Zealot  
  82  13:02  Immortal  
  81  13:12  Templar Archives  
  85  13:20  Dark Templar x4  
  85  13:21  Zealot x2  
  85  13:24  Archon  
  85  13:25  Archon  
  97  13:37  Pylon  
  97  13:40  Mothership Core (Chrono Boost)  
  97  13:55  High Templar x2  
  97  13:56  Zealot x4  
  97  13:57  Zealot  
  97  14:00  Archon  
  97  14:01  Warp Prism  
  105  14:34  Zealot x3  
  105  14:35  Observer, Zealot x4  
  66  15:22  High Templar x5  
  66  15:23  Zealot x3  
  70  15:36  Warp Prism  
  70  15:38  Archon  
  70  15:39  Archon  
  70  15:43  Protoss Ground Weapons Level 2  
  69  15:52  High Templar  
  69  15:53  High Templar x2  
  69  15:55  Zealot x5  
  69  15:57  Archon  
  85  15:58  Archon  
  85  16:03  Nexus, Unknown  
  85  16:05  Pylon  
  85  16:07  Immortal  
  85  16:17  Zealot x3  
  95  16:35  High Templar x2, Zealot x2  
  95  16:36  Zealot  
  95  16:39  Archon  
  105  16:40  Zealot  
  107  16:52  Zealot x2  
  75  17:18  Zealot, Dark Templar x2  
  75  17:19  Zealot x3  
  83  17:25  Dark Templar  
  83  17:30  Archon  
  77  17:47  High Templar x2, Zealot x3  
  87  17:51  Archon  
  87  17:53  Zealot  
  87  17:54  Zealot  
  89  18:15  Nexus, Unknown  
  89  18:22  High Templar x2  
  89  18:26  Archon  
Show
View Real Time Build Order
Export as new Build Order

IIIIIIIII Protoss - Winner!

Build Orders:  

Get SALT Encoding   

  12  0:01  Probe (Chrono Boost)  
  13  0:11  Probe (Chrono Boost)  
  14  0:17  Pylon  
  14  0:22  Probe (Chrono Boost)  
  15  0:35  Probe (Chrono Boost)  
  16  0:38  Gateway  
  16  0:46  Probe (Chrono Boost)  
  16  0:47  Assimilator  
  17  0:56  Probe (Chrono Boost)  
  18  1:08  Assimilator  
  18  1:10  Probe (Chrono Boost)  
  19  1:13  Gateway  
  19  1:21  Probe (Chrono Boost)  
  19  1:25  Cybernetics Core  
  20  1:32  Probe (Chrono Boost)  
  21  1:42  Probe (Chrono Boost)  
  21  1:46  Pylon, Warp Gate  
  22  1:53  Probe (Chrono Boost)  
  23  2:18  Nexus, Unknown  
  25  2:25  Mothership Core (Chrono Boost)  
  25  2:28  Stalker  
  27  2:32  Sentry  
  29  2:38  Pylon  
  30  2:45  Probe (Chrono Boost)  
  30  2:57  Probe (Chrono Boost)  
  31  3:00  Stalker  
  34  3:05  Sentry  
  35  3:17  Pylon  
  35  3:18  Robotics Facility  
  34  3:24  Probe (Chrono Boost)  
  35  3:29  Unknown  
  35  3:30  Probe (Chrono Boost)  
  36  3:36  Probe (Chrono Boost)  
  36  3:41  Probe (Chrono Boost)  
  38  3:46  Probe (Chrono Boost)  
  37  3:57  Sentry  
  37  3:58  Stalker  
  37  4:00  Probe x2 (Chrono Boost)  
  37  4:01  Immortal  
  47  4:11  Probe (Chrono Boost)  
  47  4:12  Probe (Chrono Boost)  
  49  4:20  Twilight Council  
  49  4:21  Probe (Chrono Boost)  
  51  4:25  Probe (Chrono Boost), Stalker  
  53  4:32  Probe (Chrono Boost)  
  53  4:36  Assimilator  
  53  4:37  Probe (Chrono Boost)  
  53  4:38  Assimilator  
  55  4:40  Observer, Pylon  
  55  4:42  Probe (Chrono Boost)  
  57  4:51  Probe (Chrono Boost)  
  58  4:53  Probe (Chrono Boost)  
  58  4:57  Pylon  
  58  4:58  Immortal  
  59  5:03  Probe x2 (Chrono Boost)  
  59  5:04  Blink  
  65  5:10  Pylon  
  65  5:16  Pylon  
  65  5:21  Stalker  
  67  5:24  Pylon  
  67  5:34  Stalker  
  69  5:37  Gateway  
  69  5:38  Immortal  
  73  5:55  Stalker  
  75  5:57  Gateway  
  73  6:06  Gateway  
  73  6:09  Stalker  
  75  6:14  Probe x2 (Chrono Boost)  
  75  6:15  Warp Prism  
  75  6:18  Stalker  
  79  6:25  Gateway  
  82  6:26  Probe (Chrono Boost)  
  82  6:32  Sentry x2  
  86  6:38  Pylon  
  86  6:41  Sentry  
  88  6:49  Observer  
  89  6:54  Sentry  
  89  6:56  Sentry x2  
  89  6:58  Phoenix  
  95  7:02  Nexus, Unknown  
  95  7:03  Pylon  
  95  7:06  Pylon  
  95  7:07  Observer  
  95  7:10  Pylon  
  96  7:27  Stalker x3  
  97  7:36  Stalker  
  97  7:37  Probe x2 (Chrono Boost), Stalker x2  
  102  7:50  Immortal  
  86  7:58  Stalker x2  
  86  7:59  Stalker  
  86  8:03  Probe (Chrono Boost)  
  93  8:09  Stargate  
  93  8:11  Probe (Chrono Boost)  
  94  8:14  Unknown  
  94  8:18  Probe (Chrono Boost)  
  96  8:20  Probe (Chrono Boost)  
  96  8:23  Probe (Chrono Boost)  
  96  8:24  Stargate  
  97  8:28  Probe (Chrono Boost)  
  98  8:36  Immortal  
  98  8:40  Probe (Chrono Boost)  
  105  8:42  Probe (Chrono Boost)  
  105  8:43  Probe (Chrono Boost)  
  105  8:51  Probe (Chrono Boost), Stalker x3  
  112  9:01  Probe x2 (Chrono Boost)  
  114  9:03  Stalker x2  
  114  9:08  Probe (Chrono Boost)  
  115  9:20  Stalker x2  
  115  9:21  Stalker  
  115  9:22  Stalker  
  95  9:32  Phoenix x2  
  95  9:33  Stalker  
  91  9:45  Stalker x2  
  91  9:49  Probe (Chrono Boost)  
  91  9:51  Assimilator  
  96  9:53  Assimilator  
  96  9:55  Stalker x2  
  78  10:09  Probe (Chrono Boost)  
  78  10:13  Charge  
  77  10:19  Immortal  
  80  10:21  Probe (Chrono Boost)  
  80  10:22  Probe (Chrono Boost)  
  80  10:24  Probe (Chrono Boost)  
  82  10:29  Stalker x2  
  82  10:31  Zealot x2  
  82  10:32  Zealot x2  
  82  10:33  Probe x2 (Chrono Boost)  
  82  10:34  Phoenix  
  95  10:36  Probe (Chrono Boost)  
  95  10:39  Phoenix  
  99  10:53  Immortal  
  96  11:11  Phoenix x2  
  92  11:12  Probe x2 (Chrono Boost)  
  92  11:13  Forge  
  90  11:20  Zealot x3  
  90  11:27  Probe x2 (Chrono Boost)  
  90  11:29  Probe (Chrono Boost)  
  93  11:35  Observer, Zealot x2  
  93  11:36  Zealot  
  100  11:50  Phoenix x2  
  104  11:58  Pylon  
  104  12:05  Zealot x2  
  104  12:06  Pylon  
  108  12:08  Zealot  
  104  12:24  Zealot  
  104  12:25  Zealot x2  
  86  12:43  Zealot  
  86  12:44  Zealot x2  
  80  12:57  Templar Archives  
  76  13:03  Immortal  
  76  13:10  Protoss Ground Weapons Level 1  
  80  13:16  Probe x2 (Chrono Boost)  
  80  13:17  Photon Cannon  
  80  13:26  Probe (Chrono Boost)  
  82  13:28  Probe (Chrono Boost)  
  82  13:29  Probe (Chrono Boost)  
  83  13:36  High Templar x2  
  83  13:37  High Templar  
  83  13:38  Probe (Chrono Boost)  
  83  13:39  High Templar, Gateway  
  88  13:49  High Templar  
  88  13:50  High Templar  
  88  13:52  Archon  
  88  13:53  Archon  
  92  14:07  High Templar x2  
  96  14:11  Zealot  
  96  14:12  Archon, Zealot  
  96  14:16  Pylon  
  100  14:19  Archon  
  100  14:23  Zealot x2  
  98  14:34  Zealot x2  
  92  14:38  Zealot x2  
  92  14:43  Zealot x2  
  92  14:44  Zealot  
  75  14:55  High Templar x2  
  71  15:00  High Templar x2, Archon  
  71  15:05  Archon  
  69  15:07  Zealot x3  
  69  15:23  Immortal  
  73  15:29  High Templar x3  
  73  15:30  High Templar  
  73  15:35  Archon  
  81  15:36  Archon  
  81  15:43  Zealot x3  
  87  15:57  Protoss Ground Weapons Level 2  
  87  16:00  Zealot x2  
  87  16:02  Immortal  
  95  16:17  Nexus, Unknown  
  95  16:23  High Templar x2, Zealot  
  95  16:24  Zealot  
  103  16:34  Archon  
  103  16:45  High Templar x2  
  107  16:49  Archon  
  107  16:50  Zealot x2  
  95  16:56  Zealot x2  
  95  16:57  Zealot  
  80  17:18  High Templar x2  
  80  17:19  Zealot x4  
  80  17:21  Immortal  
  94  17:29  Unknown  
  94  17:34  Probe x3 (Chrono Boost)  
  94  17:35  Probe (Chrono Boost)  
  90  17:39  Archon  
  86  17:44  Probe (Chrono Boost)  
  86  17:46  Probe x2 (Chrono Boost)  
  86  17:47  Pylon  
  86  17:51  High Templar x2  
  91  17:56  Assimilator  
  91  17:58  Archon  
  93  17:59  Assimilator  
  93  18:04  Zealot  
  93  18:05  Zealot x2  
  98  18:18  Dark Shrine  
  98  18:20  Zealot x2  
  102  18:27  Photon Cannon  
  102  18:30  Zealot x2, Pylon  
  106  18:39  Zealot x2  
  107  18:43  Zealot  
Tags
 
Matchup
PvP
Add a new tag
Caveats
  • Supply blocks, unpowered buildings, or Contaminate may cause inaccurate times.
  • Supply counts are checked every 10 seconds.